 Dungeon Crawl Stone Soup version 0.28.0-49-g6dfe1f597d (webtiles) character file.

Game seed: 6220140510890923009

1901 Zeld the Ogre Mage (level 9, -9/89 HPs)
             Began as an Ogre Transmuter on May 19, 2022.
             Mangled by Harold
             ... wielding a +0 battleaxe
              (18 damage)
             ... on level 6 of the Dungeon.
             The game lasted 00:08:49 (14941 turns).

Zeld the Ogre Mage (Ogre Transmuter)               Turns: 14941, Time: 00:08:50

Health: -9/89      AC:  3    Str: 20    XL:     9   Next: 15%
Magic:  16/20      EV: 10    Int: 14    God:
Gold:   198        SH:  5    Dex:  9    Spells: 13/23 levels left

rFire   . . .      SeeInvis .     - Unarmed
rCold   . . .      Faith    .   (no shield)
rNeg    . . .      Spirit   .   a - +0 robe
rPois   .          Reflect  +   (helmet restricted)
rElec   .          Harm     .   (no cloak)
rCorr   .          Rampage  .   (gloves unavailable)
Will    .....                   (boots unavailable)
Stlth   +.........              q - amulet of reflection
HPRegen 0.24/turn               s - ring of flight
MPRegen 0.17/turn               (no ring)

@: about to teleport, flying, very slightly contaminated
A: large, unfitting armour, tough skin 1
a: no special abilities


You were on level 6 of the Dungeon.
You visited 2 branches of the dungeon, and saw 8 of its levels.

You collected 198 gold pieces.

Inventory:

Armour
 a - a +0 robe (worn)
Jewellery
 q - an amulet of reflection (around neck)
 s - a ring of flight (left hand)
Wands
 p - a wand of flame (18)
Scrolls
 b - a scroll of identify
 e - a scroll of amnesia
 m - a scroll of enchant armour {unknown}
 o - a scroll of torment {unknown}
 r - a scroll of fog {unknown}
 t - a scroll of summoning {unknown}
 w - a scroll of fear {unknown}
Potions
 c - a potion of attraction {unknown}
 d - a potion of magic {unknown}
 f - a potion of cancellation {unknown}
 g - a potion of ambrosia {unknown}
 h - a potion of heal wounds {unknown}
 k - 3 potions of degeneration {unknown}
 n - a potion of flight {unknown}
 u - a potion of curing
 v - a potion of invisibility {unknown}
 x - a potion of brilliance {unknown}
 z - a potion of haste {unknown}


   Skills:
 + Level 5.9 Fighting
 + Level 4.3 Dodging
 - Level 2.6 Unarmed Combat
 * Level 7.5 Spellcasting
 * Level 6.0 Transmutations
 - Level 2.0 Ice Magic
 - Level 2.0 Poison Magic


You had 13 spell levels left.
You knew the following spells:

 Your Spells              Type           Power      Damage    Failure   Level
a - Beastly Appendage     Tmut           44%        N/A       1%          1
b - Wereblood             Tmut           22%        N/A       1%          2
c - Spider Form           Tmut/Pois      16%        N/A       8%          3
d - Ice Form              Ice/Tmut       16%        N/A       26%         4

Your spell library contained the following spells:

 Spells                   Type           Power      Damage    Failure   Level
 Passwall                 Tmut/Erth      10%        N/A       6%          2
 Ensorcelled Hibernation  Hex/Ice        16%        N/A       14%         2
 Swiftness                Air            5%         N/A       38%         3


Dungeon Overview and Level Annotations

Branches:
Dungeon (7/15)             Temple (1/1) D:7

Altars:
Ashenzari
Cheibriados
Elyvilon
Fedhas
Gozag
Hepliaklqana
Kikubaaqudgha
Makhleb
Okawaru
Qazlal
Trog
Uskayaw
Vehumet
Wu Jian
Xom
Yredelemnul
The Shining One
Ignis

Annotations:
D:6 Harold
D:7 Duvessa


Innate Abilities, Weirdness & Mutations

You are too large for most types of armour.
You have tough skin. (AC +1)


Message History

The harpoon shot misses you.
Found a pair of gloves.
Found 16 stones.
A wight comes into view. It is wielding a +4 mace.
Harold gestures at you while chanting. The mark upon you grows brighter.
Harold says, "This is so exciting!
What a great way to end my career!"
Harold says, "Let's make it quick, okay?
I've got mouths to feed."
Harold gestures at you while chanting. The mark upon you grows brighter.
Things that are here:
a scroll of vulnerability; 6 poisoned darts; a +0 short sword
There is a stone staircase leading up here.
You fly upwards.
There is a stone staircase leading down here.
You start waiting.
You start waiting.
The sentinel's mark upon you fades away.
You start waiting.
Done waiting.
You fly downwards.
Level annotation: Harold A wight comes into view.
It is wielding a +0 falchion.
There is a stone staircase leading up here.
A wight comes into view. It is wielding a +0 battleaxe.
Duvessa, Sister of Dowan comes into view.
She is wielding a +0 short sword, wearing a +0 leather armour of willpower and carrying a wand of polymorph (7).
Harold hits you with a +0 battleaxe!
You fly upwards.
There is a stone staircase leading down here.
Casting: Ice Form (dangerous; 26% risk of failure)
Confirm with . or Enter, or press ? or * to list all spells.
You miscast Ice Form.
You are very lightly contaminated with residual magic.
Nothing appears to happen.
Harold hits you with a +0 battleaxe!!
You hit Harold but do no damage. Harold hits you with a +0 battleaxe!!
You hit Harold but do no damage. Harold hits you with a +0 battleaxe!!
* * * LOW HITPOINT WARNING * * *
As you read the scroll of teleportation, it crumbles to dust.
You feel strangely unstable. Harold hits you with a +0 battleaxe!!
You die...

#.##....# #..P.P...P.P..#.# #.##
#.###########.P.......P..#.###.#.
#.............P.PPPPP.P......#.#.
#.###########...........##.#.#.#.
..# ##.#...........#.#.#. ###
#...####..###.#.#.#.
###.#.........#.#.#.
#)#.#.#####.#.#.#.
#@#.#.......#.#.#.
#@#.#..####.#.#.#. #.#.#..#
#.#.#.#. #.#.#######.#.#(#.
#.#.........#.#.#.
#.#########.#.#.#.
#.............#.#.
###########.###.#. #.# #.#.


You could see Harold.

Vanquished Creatures
  Edmund (D:4)
  A water moccasin (D:6)
  A sky beast (D:6)
  A hornet zombie (D:7)
  A necrophage (D:2)
  A black bear (D:6)
  2 ogres
  A centaur (D:6)
  A kobold brigand (D:6)
  The ghost of Zeld the Magician, an amateur DEFE (D:3)
  2 wyvern skeletons (D:7)
  4 killer bees
  A hound (D:6)
  An orc priest (D:7)
  A centaur skeleton (D:3)
  A jelly (D:5)
  A bullfrog skeleton (D:6)
  3 gnoll shamans
  2 iguanas (D:5)
  2 orc wizards (D:5)
  A howler monkey zombie (D:5)
  13 gnolls
  9 adders
  A white imp (D:5)
  2 worms (D:2)
  4 dart slugs
  11 orcs
  5 ball pythons
  4 endoplasms
  2 giant cockroaches
  4 goblins
  8 hobgoblins
  5 jackals (D:1)
  9 kobolds
  5 quokkas
  2 bats
  2 frilled lizards
  3 rats
119 creatures vanquished.

Vanquished Creatures (others)
  3 plants (D:4)
3 creatures vanquished.

Grand Total: 122 creatures vanquished

Notes
Turn   | Place    | Note
-------+----------+-------------------------------------------
     0 | D:1      | Zeld the Ogre Transmuter began the quest for the Orb.
     0 | D:1      | Reached XP level 1. HP: 19/19 MP: 3/3
   254 | D:1      | Reached XP level 2. HP: 28/28 MP: 3/5
   279 | D:1      | Learned a level 2 spell: Wereblood
  1177 | D:2      | Reached skill level 3 in Spellcasting
  1228 | D:2      | Reached XP level 3. HP: 24/35 MP: 7/7
  1236 | D:2      | Learned a level 3 spell: Spider Form
  1672 | D:2      | Noticed a necrophage
  1684 | D:2      | Killed a necrophage
  1685 | D:2      | Reached XP level 4. HP: 43/44 MP: 7/9
  1685 | D:2      | Reached XP level 5. HP: 49/50 MP: 7/10
  1690 | D:2      | Learned a level 4 spell: Ice Form
  1947 | D:2      | Reached skill level 1 in Poison Magic
  2166 | D:3      | Found a faded altar of an unknown god.
  2204 | D:3      | Reached skill level 4 in Spellcasting
  2963 | D:3      | Found a glowing golden altar of the Shining One.
  3056 | D:3      | Reached XP level 6. HP: 44/61 MP: 10/12
  3237 | D:3      | Found a large runed translucent door.
  3238 | D:3      | Found a large runed translucent door.
  3243 | D:3      | Noticed Zeld's ghost (amateur DEFE)
  3622 | D:4      | Reached skill level 1 in Ice Magic
  4032 | D:4      | Noticed Edmund
  4654 | D:5      | Entered Level 5 of the Dungeon
  4654 | D:5      | Found a radiant altar of Vehumet.
  5167 | D:5      | Found a snail-covered altar of Cheibriados.
  5401 | D:4      | Reached XP level 7. HP: 58/67 MP: 8/14
  5853 | D:5      | Reached skill level 5 in Spellcasting
  7217 | D:5      | Found a radiant altar of Vehumet.
  7448 | D:5      | Reached XP level 8. HP: 36/78 MP: 14/16
  7994 | D:5      | Found a snail-covered altar of Cheibriados.
  8263 | D:5      | Found a radiant altar of Vehumet.
  8871 | D:5      | Found a snail-covered altar of Cheibriados.
  9989 | D:6      | Found a basalt altar of Yredelemnul.
 10284 | D:6      | Reached skill level 6 in Spellcasting
 10344 | D:6      | Found a blossoming altar of Fedhas.
 10653 | D:6      | Reached skill level 5 in Transmutations
 10903 | D:7      | Reached skill level 5 in Fighting
 11018 | D:7      | Found a staircase to the Ecumenical Temple.
 11052 | Temple   | Entered the Ecumenical Temple
 12163 | D:7      | Noticed Harold
 13216 | D:7      | Reached skill level 7 in Spellcasting
 13935 | D:4      | Killed Edmund
 13936 | D:4      | Reached XP level 9. HP: 79/89 MP: 17/19
 14334 | D:3      | Killed Zeld's ghost
 14935 | D:7      | Noticed Duvessa
 14941 | D:6      | Mangled by Harold

Illustrated notes

Levels and vault maps discovered:
D:1:      psy_arrival_dodecagon, layout_basic, serial_glass, glass_columns_b,
          glass_columns_a
D:2:      layout_basic
D:3:      layout_rooms, tso_altar, shapermc_ecumenical_altar_totnotflames,
          ebering_ghost_disaster_area
D:4:      layout_basic, serial_bayou_ford_a, uniq_edmund
D:5:      layout_gridville, vehumet_altar_wand_db,
          nicolae_overflow_hidden_temple
D:6:      layout_basic, mainiacjoe_overflow_alcove_4,
          mainiacjoe_overflow_cross_hatched, supply_closet_lemuel,
          minmay_fractal_squares_gapless_5
D:7:      layout_rooms, minmay_temple_entry_drinking_statues, uniq_harold,
          uniq_duvessa
Temple:   pdpol_scorched_temple

Skill      XL: |  1  2  3  4  5  6  7  8  9 |
---------------+----------------------------+-----
Transmutations | 2 3 4 5 6 |  6.0
Dodging        | 2 3 4 |  4.3
Spellcasting   | 3 4 5 7 |  7.5
Fighting       | 2 3 4 5 |  5.9
Poison Magic   | 1 2 |  2.0
Ice Magic      | 1 2 |  2.0
Unarmed Combat | |  2.6

Action                   |  1- 3 |  4- 6 |  7- 9 || total
-------------------------+-------+-------+-------++-------
Melee: Unarmed           |    88 |   194 |   228 ||   510
       Headbutt          |    16 |     7 |       ||    23
       Kick              |    15 |    11 |       ||    26
       Punch             |     2 |     4 |       ||     6
 Cast: Beastly Appendage |    20 |    12 |       ||    32
       Spider Form       |       |    25 |    25 ||    50
       Wereblood         |       |     1 |     2 ||     3
       Ice Form          |       |       |     8 ||     8
Evoke: Wand              |       |       |     2 ||     2
  Use: Scroll            |       |       |     7 ||     7
       Potion            |       |       |     1 ||     1
Armor: Robe              |    37 |    32 |     2 ||    71
       Skin              |       |     5 |    27 ||    32
Dodge: Dodged            |    60 |   130 |   216 ||   406
Block: Other             |       |       |    60 ||    60
       Reflection        |       |       |     2 ||     2
